[Event "AUT-ch Open 2020"]
[Site "Graz"]
[Date "2020.02.16"]
[Round "3.11"]
[White "Godzwon, Iwo"]
[Black "Janzelj, Tim"]
[Result "1/2-1/2"]
[ECO "B12"]
[WhiteElo "2321"]
[BlackElo "2451"]
[Annotator "ChessBase"]
[PlyCount "61"]
[EventDate "2020.02.14"]
[EventType "swiss"]
[EventCountry "AUT"]
[SourceTitle "playchess.com"]
[Source "ChessBase"]
[SourceQuality "1"]
[TimeControl "40/5400+30:1800+30"]

1. e4 c6 2. d4 d5 3. e5 Bf5 4. Nd2 e6 5. Nb3 Nd7 6. Nf3 h6 7. Be2 Ne7 8. O-O Bh7 9. Bd2 Nf5 10. Ba5 b6 11. Bd2 Be7 12. Rc1 b5 13. a4 Qb6 14. Ba5 Qb7 15. axb5 cxb5 16. c3 O-O 17. Bb4 Rfc8 18. Ne1 Bd8 19. Ra1 Ne7 20. Na5 Qb6 21. Nd3 Nc6 22. Nxc6 Qxc6 23. Ba5 Be7 24. Qb3 Qc4 25. Qd1 Qc6 26. Qd2 Nb6 27. Nb4 Bxb4 28. Bxb4 Nc4 29. Bxc4 dxc4 30. Ra5 Be4 31. f3 1/2-1/2

[Event "AUT-ch Open 2020"]
[Site "Graz"]
[Date "2020.02.16"]
[Round "3.12"]
[White "Rieger, Robert"]
[Black "Palczert, Matyas"]
[Result "1-0"]
[ECO "B46"]
[WhiteElo "2320"]
[BlackElo "2094"]
[Annotator "ChessBase"]
[PlyCount "111"]
[EventDate "2020.02.14"]
[EventType "swiss"]
[EventCountry "AUT"]
[SourceTitle "playchess.com"]
[Source "ChessBase"]
[SourceQuality "1"]
[TimeControl "40/5400+30:1800+30"]

1. e4 c5 2. Nf3 e6 3. d4 cxd4 4. Nxd4 Nc6 5. Nc3 Qc7 6. f4 a6 7. Nxc6 bxc6 8. Bd3 d5 9. O-O Nf6 10. Qe2 Be7 11. Kh1 O-O 12. Bd2 Bb7 13. Rae1 Rfe8 14. e5 Nd7 15. Na4 c5 16. f5 exf5 17. e6 fxe6 18. Qxe6+ Kh8 19. Bxf5 Nf6 20. Nb6 Rad8 21. Bf4 Bd6 22. Bxd6 Qxb6 23. Be7 Qxe6 24. Rxe6 Bc8 25. Ree1 Bxf5 26. Bxd8 Rxe1 27. Rxe1 Ne4 28. Bb6 Kg8 29. a3 Kf7 30. b4 c4 31. Bd4 g6 32. c3 Ke7 33. a4 Bd7 34. Ra1 Nd2 35. a5 Nb3 36. Re1+ Kd6 37. Bg7 Bf5 38. Kg1 Be4 39. Kf2 h5 40. Rg1 Nd2 41. Ke3 Nb1 42. g4 hxg4 43. Rxg4 Na3 44. h4 Nb5 45. Rg5 Kc6 46. Be5 Na7 47. Bd4 Nb5 48. Be5 Na7 49. Rg4 Nc8 50. Rf4 Ne7 51. Rf6+ Kd7 52. Rxa6 Nf5+ 53. Kf4 Bd3 54. Rxg6 d4 55. Rg5 Nxh4 56. Bxd4 1-0

[Event "AUT-ch Open 2020"]
[Site "Graz"]
[Date "2020.02.16"]
[Round "3.12"]
[White "Dimitrov, Vladimir"]
[Black "Kilgus, Georg"]
[Result "0-1"]
[ECO "E44"]
[WhiteElo "2285"]
[BlackElo "2450"]
[Annotator "ChessBase"]
[PlyCount "66"]
[EventDate "2020.02.14"]
[EventType "swiss"]
[EventCountry "AUT"]
[SourceTitle "playchess.com"]
[Source "ChessBase"]
[SourceQuality "1"]
[TimeControl "40/5400+30:1800+30"]

1. d4 Nf6 2. c4 e6 3. Nc3 Bb4 4. e3 b6 5. Nge2 Ne4 6. Qc2 Bb7 7. a3 Bxc3+ 8. Nxc3 Nxc3 9. Qxc3 d6 10. b3 Nd7 11. Bb2 Qh4 12. Ke2 O-O 13. f3 f5 14. Qe1 Qe7 15. Rd1 e5 16. d5 c6 17. dxc6 Bxc6 18. Kf2 g5 19. Qd2 Rf6 20. Bd3 g4 21. h3 gxf3 22. gxf3 Rg6 23. h4 Bxf3 24. Kxf3 e4+ 25. Kf2 exd3 26. Qxd3 Qe4 27. Qd5+ Qxd5 28. Rxd5 Nc5 29. h5 Ne4+ 30. Kf3 Rg3+ 31. Kf4 Rg2 32. Rxf5 Re8 33. Be5 Nd2 0-1

[Event "AUT-ch Open 2020"]
[Site "Graz"]
[Date "2020.02.16"]
[Round "3.13"]
[White "Li, Henry"]
[Black "Czernek, Tymon"]
[Result "1-0"]
[ECO "B97"]
[WhiteElo "2310"]
[BlackElo "2089"]
[Annotator "ChessBase"]
[PlyCount "155"]
[EventDate "2020.02.14"]
[EventType "swiss"]
[EventCountry "AUT"]
[SourceTitle "playchess.com"]
[Source "ChessBase"]
[SourceQuality "1"]
[TimeControl "40/5400+30:1800+30"]

1. e4 c5 2. Nf3 d6 3. d4 cxd4 4. Nxd4 Nf6 5. Nc3 a6 6. Bg5 e6 7. f4 Qb6 8. Nb3 Nbd7 9. Qf3 Be7 10. O-O-O O-O 11. g4 Nc5 12. Kb1 Nxb3 13. axb3 Qc6 14. Bg2 Qc7 15. Qg3 Rb8 16. f5 Ne8 17. Bf4 b5 18. e5 Rb6 19. Ne4 d5 20. Nc3 b4 21. Na4 Rc6 22. f6 gxf6 23. exf6 Bd6 24. Bxd6 Qxd6 25. Qe3 Qc7 26. Bf1 e5 27. Rxd5 Nxf6 28. Rc5 Nxg4 29. Rxc6 Qxc6 30. Rg1 Kh8 31. Qe2 f6 32. h3 Nh6 33. Qd2 Nf5 34. Qxb4 Qd6 35. Qg4 Be6 36. Bc4 Bxc4 37. bxc4 Qd4 38. c5 Qxg4 39. hxg4 Nd4 40. c3 Nf3 41. Rg3 e4 42. c6 Re8 43. c7 Rc8 44. Nc5 Nd2+ 45. Kc1 Rxc7 46. Nxa6 Rd7 47. Nc5 Rd5 48. b4 Kg8 49. Re3 h5 50. Nxe4 Nxe4 51. Rxe4 h4 52. Kc2 Kf7 53. c4 Re5 54. Rd4 h3 55. Rd3 h2 56. Rh3 Re2+ 57. Kd3 Rg2 58. Kd4 Kg6 59. b5 Rxg4+ 60. Kc3 Rg2 61. b6 Kf5 62. b7 Rg3+ 63. Rxg3 h1=Q 64. b8=Q Qe1+ 65. Kb2 Qd2+ 66. Ka3 Qc1+ 67. Qb2 Qxc4 68. Qf2+ Ke6 69. Qe3+ Kf5 70. Qf2+ Ke6 71. Kb2 Qb5+ 72. Kc2 Qa4+ 73. Kd2 Qa2+ 74. Ke1 Qb1+ 75. Ke2 Qb5+ 76. Rd3 Qb2+ 77. Kf1 Qb1+ 78. Qe1+ 1-0

[Event "AUT-ch Open 2020"]
[Site "Graz"]
[Date "2020.02.16"]
[Round "3.13"]
[White "Ninov, Dayan"]
[Black "Gajek, Radoslaw"]
[Result "0-1"]
[ECO "B22"]
[WhiteElo "2242"]
[BlackElo "2438"]
[Annotator "ChessBase"]
[PlyCount "122"]
[EventDate "2020.02.14"]
[EventType "swiss"]
[EventCountry "AUT"]
[SourceTitle "playchess.com"]
[Source "ChessBase"]
[SourceQuality "1"]
[TimeControl "40/5400+30:1800+30"]

1. e4 c5 2. c3 e6 3. d4 d5 4. exd5 exd5 5. Bb5+ Bd7 6. Bxd7+ Qxd7 7. Nf3 Nc6 8. O-O O-O-O 9. dxc5 Bxc5 10. b4 Bd6 11. Be3 Nf6 12. b5 Ne5 13. Nbd2 Qxb5 14. Nxe5 Bxe5 15. Bxa7 Qd3 16. Rb1 Rd7 17. Nf3 Qxd1 18. Rfxd1 Bxc3 19. Rbc1 Rc7 20. Rd3 Ba5 21. Rxc7+ Bxc7 22. Bd4 Rd8 23. g3 Ne8 24. Re3 f6 25. Re7 Bd6 26. Re2 Nc7 27. Bb6 Kd7 28. Rd2 Ra8 29. Be3 Bb4 30. Rb2 Ra4 31. a3 Bxa3 32. Rxb7 Kc8 33. Rb6 Rb4 34. Rxb4 Bxb4 35. Kf1 Kd7 36. Ke2 Bc3 37. Bb6 Nb5 38. Kd3 Ke6 39. h3 Be5 40. Bc5 Nc3 41. Bf8 Ne4 42. Ke3 g6 43. Ba3 f5 44. Nxe5 Kxe5 45. Bb2+ Kd6 46. g4 f4+ 47. Kxf4 Nxf2 48. Ba3+ Ke6 49. h4 d4 50. Kf3 Nd1 51. h5 Ke5 52. hxg6 hxg6 53. Bf8 d3 54. Bg7+ Kd5 55. Bh6 Kc4 56. Ke4 Kc3 57. Bf4 Nf2+ 58. Kf3 Nh3 59. Bc7 d2 60. Ba5+ Kd3 61. Bxd2 Kxd2 0-1

[Event "AUT-ch Open 2020"]
[Site "Graz"]
[Date "2020.02.16"]
[Round "3.14"]
[White "David, Alexandru-Vasile"]
[Black "Brinovec, David"]
[Result "1/2-1/2"]
[ECO "D31"]
[WhiteElo "2436"]
[BlackElo "2279"]
[Annotator "ChessBase"]
[PlyCount "101"]
[EventDate "2020.02.14"]
[EventType "swiss"]
[EventCountry "AUT"]
[SourceTitle "playchess.com"]
[Source "ChessBase"]
[SourceQuality "1"]
[TimeControl "40/5400+30:1800+30"]

1. d4 d5 2. c4 e6 3. Nc3 a6 4. cxd5 exd5 5. Bf4 c6 6. e3 Bd6 7. Bxd6 Qxd6 8. Bd3 Ne7 9. Qc2 g6 10. Nge2 Bf5 11. f3 Bxd3 12. Qxd3 Nd7 13. O-O-O O-O-O 14. e4 dxe4 15. fxe4 f5 16. Kb1 Kb8 17. exf5 Nxf5 18. g4 Ne7 19. Ne4 Qc7 20. Ng5 Rde8 21. Nc3 h6 22. Ne6 Qd6 23. Rhe1 Rhg8 24. Nc5 Nxc5 25. dxc5 Qxh2 26. Qe3 Ka7 27. Rh1 Qc7 28. Qxh6 Qe5 29. Rhe1 Qxc5 30. Ne4 Qa5 31. Qe3+ Ka8 32. Nf6 Nd5 33. Qxe8+ Rxe8 34. Rxe8+ Ka7 35. Nxd5 cxd5 36. Re5 Qa4 37. Rexd5 Qxg4 38. Re1 g5 39. a3 Qf4 40. Rd3 g4 41. Ree3 a5 42. Kc2 a4 43. Kc3 Qc7+ 44. Kd2 Qf4 45. Ke1 g3 46. Rxg3 Qc1+ 47. Ke2 Qxb2+ 48. Kd1 Qb1+ 49. Kd2 Qb2+ 50. Kd1 Qb1+ 51. Kd2 1/2-1/2

[Event "AUT-ch Open 2020"]
[Site "Graz"]
[Date "2020.02.16"]
[Round "3.14"]
[White "Mujacic, Haris"]
[Black "Ongut, Tamas Gunes"]
[Result "0-1"]
[ECO "A48"]
[WhiteElo "2077"]
[BlackElo "2302"]
[Annotator "ChessBase"]
[PlyCount "66"]
[EventDate "2020.02.14"]
[EventType "swiss"]
[EventCountry "AUT"]
[SourceTitle "playchess.com"]
[Source "ChessBase"]
[SourceQuality "1"]
[TimeControl "40/5400+30:1800+30"]

1. d4 Nf6 2. Nf3 g6 3. Bg5 Bg7 4. Nbd2 O-O 5. e4 d6 6. c3 c5 7. dxc5 dxc5 8. Bc4 Nc6 9. Qe2 h6 10. Bxf6 exf6 11. O-O Qc7 12. Nh4 Ne7 13. f4 f5 14. e5 Be6 15. Bxe6 fxe6 16. Nc4 Rad8 17. Rad1 Rxd1 18. Rxd1 Rd8 19. Rxd8+ Qxd8 20. Nd6 Qd7 21. Qc4 b6 22. Nf3 Nd5 23. g3 g5 24. fxg5 hxg5 25. Nxg5 Bxe5 26. Ndf7 Bg7 27. Qh4 Nf6 28. Qf4 Qd1+ 29. Kg2 Qe2+ 30. Kg1 Ng4 31. h3 e5 32. Qxf5 Qh2+ 33. Kf1 Ne3+ 0-1

[Event "AUT-ch Open 2020"]
[Site "Graz"]
[Date "2020.02.16"]
[Round "3.15"]
[White "Prato, Simon"]
[Black "Milikow, Yoav"]
[Result "0-1"]
[ECO "C00"]
[WhiteElo "2040"]
[BlackElo "2296"]
[Annotator "ChessBase"]
[PlyCount "26"]
[EventDate "2020.02.14"]
[EventType "swiss"]
[EventCountry "AUT"]
[SourceTitle "playchess.com"]
[Source "ChessBase"]
[SourceQuality "1"]
[TimeControl "40/5400+30:1800+30"]

1. e4 e6 2. b3 d5 3. Bb2 Nc6 4. Nc3 Nf6 5. exd5 exd5 6. Qe2+ Be7 7. O-O-O Bf5 8. f3 Bxc2 9. Re1 O-O 10. Qf2 Bg6 11. g4 d4 12. Ne4 Nxe4 13. fxe4 Bh4 0-1

[Event "AUT-ch Open 2020"]
[Site "Graz"]
[Date "2020.02.16"]
[Round "3.16"]
[White "Danner, Georg"]
[Black "Schloffer, Jasmin-Denise"]
[Result "1-0"]
[ECO "E14"]
[WhiteElo "2295"]
[BlackElo "2080"]
[Annotator "ChessBase"]
[PlyCount "37"]
[EventDate "2020.02.14"]
[EventType "swiss"]
[EventCountry "AUT"]
[SourceTitle "playchess.com"]
[Source "ChessBase"]
[SourceQuality "1"]
[TimeControl "40/5400+30:1800+30"]

1. d4 Nf6 2. Nf3 e6 3. e3 b6 4. Bd3 Bb7 5. O-O Be7 6. c4 O-O 7. Nc3 d5 8. b3 c5 9. Bb2 Nbd7 10. Qe2 Rc8 11. cxd5 Nxd5 12. Nxd5 Bxd5 13. Rad1 Qc7 14. Bb1 Nf6 15. e4 Ba8 16. d5 exd5 17. exd5 Ne8 18. Rfe1 Bd8 19. Qxe8 1-0

[Event "AUT-ch Open 2020"]
[Site "Graz"]
[Date "2020.02.16"]
[Round "3.17"]
[White "Konyves, Almos"]
[Black "Welling, Gerard"]
[Result "0-1"]
[ECO "A42"]
[WhiteElo "2031"]
[BlackElo "2286"]
[Annotator "ChessBase"]
[PlyCount "60"]
[EventDate "2020.02.14"]
[EventType "swiss"]
[EventCountry "AUT"]
[SourceTitle "playchess.com"]
[Source "ChessBase"]
[SourceQuality "1"]
[TimeControl "40/5400+30:1800+30"]

1. e4 g6 2. d4 Bg7 3. c4 d6 4. Nc3 e5 5. Nf3 Bg4 6. dxe5 dxe5 7. Qxd8+ Kxd8 8. Ng5 Nh6 9. h3 Bd7 10. Be3 f6 11. Nf3 Be6 12. O-O-O+ Nd7 13. Nd5 Nf7 14. Be2 c6 15. Nc3 Bh6 16. Bxh6 Nxh6 17. a3 Kc7 18. b3 Rhd8 19. Kb2 Bg8 20. g3 Nc5 21. b4 Ne6 22. Bd3 a5 23. Ne2 Nf7 24. h4 h5 25. Bc2 Nd6 26. Nd2 Rd7 27. c5 Nb5 28. Nb3 Rxd1 29. Rxd1 axb4 30. axb4 Ra4 0-1

[Event "AUT-ch Open 2020"]
[Site "Graz"]
[Date "2020.02.16"]
[Round "3.19"]
[White "Novikov, Stanislav"]
[Black "Zadruzny, Nicolaj"]
[Result "1-0"]
[ECO "D58"]
[WhiteElo "2531"]
[BlackElo "2531"]
[Annotator "ChessBase"]
[PlyCount "77"]
[EventDate "2020.02.14"]
[EventType "swiss"]
[EventCountry "AUT"]
[SourceTitle "playchess.com"]
[Source "ChessBase"]
[SourceQuality "1"]
[TimeControl "40/5400+30:1800+30"]

1. c4 Nf6 2. Nc3 e6 3. Nf3 d5 4. d4 Be7 5. Bg5 h6 6. Bh4 O-O 7. e3 b6 8. Qc2 Bb7 9. Bxf6 Bxf6 10. cxd5 exd5 11. O-O-O c5 12. dxc5 bxc5 13. Nxd5 Bxd5 14. Bc4 Nd7 15. Rxd5 Qc7 16. Nd2 Rab8 17. b3 a5 18. Kd1 Be7 19. Ke2 Nb6 20. Rd3 Rbd8 21. Rxd8 Rxd8 22. Nf3 a4 23. Rd1 Ra8 24. Qe4 Bf6 25. h4 Rb8 26. Rd2 Nxc4 27. bxc4 a3 28. g4 g6 29. Kf1 Bc3 30. Rd3 Bg7 31. Rxa3 Kh7 32. h5 Rb6 33. Ra8 Qd7 34. Kg2 Re6 35. hxg6+ fxg6 36. Qd5 Qe7 37. Rd8 Qf7 38. a4 Bf8 39. Rxf8 1-0

[Event "AUT-ch Open 2020"]
[Site "Graz"]
[Date "2020.02.16"]
[Round "3.19"]
[White "Eizaguerri Floris, Maria"]
[Black "Peycheva, Gergana"]
[Result "1/2-1/2"]
[ECO "C01"]
[WhiteElo "2014"]
[BlackElo "2286"]
[Annotator "ChessBase"]
[PlyCount "97"]
[EventDate "2020.02.14"]
[EventType "swiss"]
[EventCountry "AUT"]
[SourceTitle "playchess.com"]
[Source "ChessBase"]
[SourceQuality "1"]
[TimeControl "40/5400+30:1800+30"]

1. e4 e6 2. d4 d5 3. Bd3 dxe4 4. Bxe4 Nf6 5. Bf3 c5 6. Ne2 Nc6 7. Be3 cxd4 8. Nxd4 Ne5 9. Nc3 a6 10. O-O Be7 11. Qe2 O-O 12. Rfd1 Qc7 13. Nb3 Bd7 14. a4 Nxf3+ 15. Qxf3 Bc6 16. Qf4 Qxf4 17. Bxf4 Rfd8 18. Na5 Bd5 19. Nxd5 Nxd5 20. Bg3 b6 21. Nc6 Rdc8 22. Rxd5 Rxc6 23. Rd7 Kf8 24. c3 Ke8 25. Rc7 Rc8 26. Rxc6 Rxc6 27. Kf1 f6 28. Ke2 e5 29. f3 Kd7 30. Rd1+ Ke6 31. Bf2 f5 32. Be3 g6 33. Bd2 Bd6 34. h3 Rc4 35. b3 Rc6 36. Kd3 Be7 37. Re1 Bf6 38. Rc1 Kd5 39. c4+ Ke6 40. Be3 Be7 41. Ke2 Bc5 42. Rd1 Rd6 43. Rxd6+ Kxd6 44. Bd2 a5 45. Kd3 Ke6 46. Bg5 Kd6 47. Bc1 Kc6 48. Bb2 Kd6 49. Bc1 1/2-1/2

[Event "AUT-ch Open 2020"]
[Site "Graz"]
[Date "2020.02.16"]
[Round "3.20"]
[White "Santiago, Yago De Moura"]
[Black "Sandhoefner, Florian"]
[Result "1-0"]
[ECO "D11"]
[WhiteElo "2488"]
[BlackElo "2328"]
[Annotator "ChessBase"]
[PlyCount "109"]
[EventDate "2020.02.14"]
[EventType "swiss"]
[EventCountry "AUT"]
[SourceTitle "playchess.com"]
[Source "ChessBase"]
[SourceQuality "1"]
[TimeControl "40/5400+30:1800+30"]

1. d4 d5 2. c4 c6 3. Nf3 Nf6 4. e3 e6 5. Bd3 dxc4 6. Bxc4 Nbd7 7. O-O Bd6 8. Qe2 O-O 9. a4 e5 10. Nc3 Qc7 11. h3 exd4 12. exd4 Re8 13. Qd3 Nb6 14. Bb3 Be6 15. Bxe6 Rxe6 16. a5 Nbd5 17. Ng5 Re7 18. Nxd5 cxd5 19. a6 b6 20. Be3 Rc8 21. Nf3 Qd8 22. Bg5 Rec7 23. Rfe1 h6 24. Bxf6 Qxf6 25. Qb5 Qd8 26. g3 Rc2 27. Re3 Bf8 28. Kg2 Qd6 29. Re5 Rd8 30. Rae1 Qd7 31. Qxd7 Rxd7 32. Re8 f6 33. Ra8 Kf7 34. Ree8 Bd6 35. g4 Rxb2 36. h4 h5 37. gxh5 Bf4 38. h6 Bxh6 39. Reb8 Ra2 40. Rb7 Ke6 41. Re8+ Kd6 42. Ne5 Rc7 43. Rd8+ Ke7 44. Rc8 fxe5 45. Rbxc7+ Kf6 46. Rf8+ Ke6 47. dxe5 Kxe5 48. Rxa7 d4 49. Raa8 d3 50. a7 d2 51. Rae8+ Kd4 52. a8=Q Rxa8 53. Rxa8 b5 54. Rfd8+ Kc3 55. Kf1 1-0

[Event "AUT-ch Open 2020"]
[Site "Graz"]
[Date "2020.02.16"]
[Round "3.20"]
[White "Frank, Emanuel"]
[Black "Horvath, Reka"]
[Result "1-0"]
[ECO "A62"]
[WhiteElo "2286"]
[BlackElo "2018"]
[Annotator "ChessBase"]
[PlyCount "67"]
[EventDate "2020.02.14"]
[EventType "swiss"]
[EventCountry "AUT"]
[SourceTitle "playchess.com"]
[Source "ChessBase"]
[SourceQuality "1"]
[TimeControl "40/5400+30:1800+30"]

1. d4 Nf6 2. c4 c5 3. d5 e6 4. Nc3 exd5 5. cxd5 d6 6. Nf3 g6 7. g3 Bg7 8. Bg2 O-O 9. O-O a6 10. a4 Bf5 11. Nd2 Re8 12. e4 Bg4 13. Qb3 Nbd7 14. h3 Bh5 15. Nc4 b5 16. axb5 axb5 17. Rxa8 Qxa8 18. Nxd6 b4 19. Nxe8 Qxe8 20. Nb1 Be2 21. Re1 c4 22. Qxb4 Bd3 23. Nd2 Nxd5 24. Qa5 N5b6 25. Bf1 Qe6 26. Bxd3 cxd3 27. Kg2 f5 28. Qb5 Ne5 29. exf5 Qd6 30. Qe8+ Qf8 31. Qe6+ Kh8 32. Rxe5 Bxe5 33. Qxe5+ Qg7 34. Qb8+ 1-0

[Event "AUT-ch Open 2020"]
[Site "Graz"]
[Date "2020.02.16"]
[Round "3.21"]
[White "Gavrilescu, David"]
[Black "Molnar, Bela"]
[Result "1-0"]
[ECO "B48"]
[WhiteElo "2455"]
[BlackElo "2312"]
[Annotator "ChessBase"]
[PlyCount "65"]
[EventDate "2020.02.14"]
[EventType "swiss"]
[EventCountry "AUT"]
[SourceTitle "playchess.com"]
[Source "ChessBase"]
[SourceQuality "1"]
[TimeControl "40/5400+30:1800+30"]

1. e4 c5 2. Nf3 e6 3. d4 cxd4 4. Nxd4 Nc6 5. Nc3 Qc7 6. Be3 a6 7. a3 Nf6 8. f4 d6 9. Qf3 Bd7 10. O-O-O Rc8 11. g4 Nxd4 12. Rxd4 d5 13. exd5 b5 14. Bd2 Bc5 15. Re4 O-O 16. Bd3 exd5 17. Ree1 b4 18. axb4 Bxg4 19. Qg3 Bxb4 20. Rhg1 d4 21. Nb1 Bxd2+ 22. Nxd2 g6 23. Qh4 Nd5 24. Qxg4 Ne3 25. Rxe3 dxe3 26. Nc4 Rfe8 27. Re1 Qc5 28. f5 Qb4 29. Rxe3 Red8 30. fxg6 hxg6 31. Bxg6 Rxc4 32. Bxf7+ Kxf7 33. Qf5+ 1-0

[Event "AUT-ch Open 2020"]
[Site "Graz"]
[Date "2020.02.16"]
[Round "3.21"]
[White "Papakonstantinou, Dimitrios"]
[Black "Mayrhuber, Nikola"]
[Result "1-0"]
[ECO "E46"]
[WhiteElo "2275"]
[BlackElo "2017"]
[Annotator "ChessBase"]
[PlyCount "73"]
[EventDate "2020.02.14"]
[EventType "swiss"]
[EventCountry "AUT"]
[SourceTitle "playchess.com"]
[Source "ChessBase"]
[SourceQuality "1"]
[TimeControl "40/5400+30:1800+30"]

1. d4 e6 2. c4 Nf6 3. Nc3 Bb4 4. e3 O-O 5. Nge2 Re8 6. a3 Bf8 7. Ng3 d5 8. Qc2 b6 9. Be2 c5 10. dxc5 bxc5 11. O-O Nbd7 12. Rd1 Bb7 13. cxd5 exd5 14. Bf3 Re5 15. b3 Qe8 16. Bb2 Rg5 17. h4 Rxg3 18. fxg3 Qxe3+ 19. Kh1 Qe6 20. Re1 Qd6 21. Qf2 Qb6 22. Rab1 a5 23. Bc1 d4 24. Na4 Qb5 25. Qe2 d3 26. Nc3 Bxf3 27. Qxf3 Qa6 28. Bf4 c4 29. bxc4 Nc5 30. Nd5 Rd8 31. Bg5 Qxc4 32. Nxf6+ gxf6 33. Bxf6 Rc8 34. Qf5 Ne6 35. Rbd1 Bxa3 36. Re4 Rc5 37. Qg4+ 1-0

[Event "AUT-ch Open 2020"]
[Site "Graz"]
[Date "2020.02.16"]
[Round "3.22"]
[White "Horvath, Dominik"]
[Black "Stukan, Martin"]
[Result "0-1"]
[ECO "E94"]
[WhiteElo "2450"]
[BlackElo "2292"]
[Annotator "ChessBase"]
[PlyCount "86"]
[EventDate "2020.02.14"]
[EventType "swiss"]
[EventCountry "AUT"]
[SourceTitle "playchess.com"]
[Source "ChessBase"]
[SourceQuality "1"]
[TimeControl "40/5400+30:1800+30"]

1. Nf3 Nf6 2. c4 g6 3. Nc3 Bg7 4. e4 d6 5. d4 O-O 6. Be2 e5 7. O-O c6 8. d5 Na6 9. Be3 Ng4 10. Bg5 f6 11. Bh4 c5 12. Ne1 Nh6 13. f3 Nf7 14. a3 Bd7 15. Nd3 Bh6 16. Bf2 f5 17. b4 b6 18. Rb1 Rb8 19. Qe1 Qf6 20. Bd1 Ng5 21. Bh4 Qg7 22. bxc5 Nxc5 23. Nxc5 bxc5 24. Bc2 Nf7 25. Bf2 Bg5 26. Ne2 Qh6 27. Qa5 Rxb1 28. Bxb1 fxe4 29. Bxe4 Rb8 30. Qxa7 Rb2 31. Ng3 Be3 32. Nh1 Bf5 33. Bxf5 gxf5 34. Qd7 Qg5 35. g3 Bd4 36. h4 Bxf2+ 37. Rxf2 Qc1+ 38. Rf1 Qe3+ 39. Nf2 Qxf3 40. a4 Qxg3+ 41. Kh1 Rxf2 42. Rxf2 Qxf2 43. a5 Qe1+ 0-1

[Event "AUT-ch Open 2020"]
[Site "Graz"]
[Date "2020.02.16"]
[Round "3.22"]
[White "Lupolov, Boris"]
[Black "Steindl, Johannes"]
[Result "0-1"]
[ECO "D44"]
[WhiteElo "1973"]
[BlackElo "2273"]
[Annotator "ChessBase"]
[PlyCount "108"]
[EventDate "2020.02.14"]
[EventType "swiss"]
[EventCountry "AUT"]
[SourceTitle "playchess.com"]
[Source "ChessBase"]
[SourceQuality "1"]
[TimeControl "40/5400+30:1800+30"]

1. d4 Nf6 2. c4 e6 3. Nf3 d5 4. Bg5 Bb4+ 5. Nc3 dxc4 6. e3 b5 7. a4 c6 8. Nd2 Bb7 9. Be2 Nbd7 10. Bf3 Qb6 11. O-O O-O 12. Qc2 a6 13. Nde4 Nxe4 14. Qxe4 e5 15. dxe5 Rfe8 16. Bf4 Nc5 17. Qf5 Bxc3 18. bxc3 Nxa4 19. Rxa4 bxa4 20. Rb1 Qa7 21. Be4 g6 22. Qd7 Rad8 23. Qc7 Qb8 24. Qa5 Qc8 25. Qxa4 Qd7 26. h3 c5 27. Qxd7 Rxd7 28. Rxb7 Rxb7 29. Bxb7 a5 30. Bd5 a4 31. Bxc4 a3 32. Ba2 Rd8 33. e6 Rd1+ 34. Kh2 fxe6 35. Bxe6+ Kf8 36. Kg3 Ke7 37. Bg8 Rd2 38. Be5 a2 39. c4 Rd4 40. exd4 a1=Q 41. Bd5 cxd4 42. Kf3 Qd1+ 43. Kg3 Qb3+ 44. Kg4 d3 45. Bf4 Qc3 46. Bg5+ Kd7 47. Bf4 d2 48. Bxd2 Qxd2 49. Kg3 Kd6 50. h4 Ke5 51. Bf3 Qf4+ 52. Kh3 Qxc4 53. Kg3 Qd4 54. Bg4 Qf4+ 0-1

[Event "AUT-ch Open 2020"]
[Site "Graz"]
[Date "2020.02.16"]
[Round "3.23"]
[White "Lim, Zhuo Ren"]
[Black "Niedbala, Bartlomiej"]
[Result "1-0"]
[ECO "A96"]
[WhiteElo "2296"]
[BlackElo "2432"]
[Annotator "ChessBase"]
[PlyCount "67"]
[EventDate "2020.02.14"]
[EventType "swiss"]
[EventCountry "AUT"]
[SourceTitle "playchess.com"]
[Source "ChessBase"]
[SourceQuality "1"]
[TimeControl "40/5400+30:1800+30"]

1. d4 e6 2. Nf3 f5 3. g3 Nf6 4. Bg2 Be7 5. O-O O-O 6. c4 d6 7. Nc3 a5 8. b3 Qe8 9. Bb2 Qh5 10. Ne1 Nbd7 11. e4 Qxd1 12. Rxd1 f4 13. Nd3 fxg3 14. hxg3 Nh5 15. Nb5 Bd8 16. Bh3 Ndf6 17. e5 dxe5 18. dxe5 Ne4 19. Ba3 c6 20. Bxf8 cxb5 21. Nc5 Kxf8 22. Rxd8+ Ke7 23. Rxc8 Rxc8 24. Nxe4 bxc4 25. Nd6 Rc5 26. Nxc4 a4 27. Bg4 axb3 28. axb3 b5 29. Bxh5 bxc4 30. bxc4 Rxc4 31. Re1 g6 32. Bf3 h5 33. Kg2 h4 34. Re4 1-0

[Event "AUT-ch Open 2020"]
[Site "Graz"]
[Date "2020.02.16"]
[Round "3.23"]
[White "Cafasso, Elia"]
[Black "Neuschmied, Siegfried"]
[Result "0-1"]
[ECO "B06"]
[WhiteElo "1908"]
[BlackElo "2268"]
[Annotator "ChessBase"]
[PlyCount "44"]
[EventDate "2020.02.14"]
[EventType "swiss"]
[EventCountry "AUT"]
[SourceTitle "playchess.com"]
[Source "ChessBase"]
[SourceQuality "1"]
[TimeControl "40/5400+30:1800+30"]

1. e4 g6 2. d4 Bg7 3. Nc3 d6 4. Nf3 a6 5. a4 Nf6 6. Bd3 O-O 7. O-O Nc6 8. h3 Nb4 9. Be2 b6 10. Be3 e6 11. Nd2 Bb7 12. f4 Qe7 13. g4 d5 14. e5 Nd7 15. f5 exf5 16. gxf5 gxf5 17. Na2 Nxa2 18. Rxa2 f6 19. Rxf5 fxe5 20. Rxf8+ Rxf8 21. dxe5 Nxe5 22. Ra3 Qh4 0-1

[Event "AUT-ch Open 2020"]
[Site "Graz"]
[Date "2020.02.16"]
[Round "3.24"]
[White "Matt, Fabian"]
[Black "Halvax, Georg"]
[Result "1/2-1/2"]
[ECO "D00"]
[WhiteElo "2290"]
[BlackElo "2428"]
[Annotator "ChessBase"]
[PlyCount "70"]
[EventDate "2020.02.14"]
[EventType "swiss"]
[EventCountry "AUT"]
[SourceTitle "playchess.com"]
[Source "ChessBase"]
[SourceQuality "1"]
[TimeControl "40/5400+30:1800+30"]

1. d4 d5 2. Bf4 Nf6 3. e3 c5 4. c3 Nc6 5. Nd2 Qb6 6. Qb3 cxd4 7. exd4 Bf5 8. Ngf3 e6 9. Nh4 Be4 10. f3 Bg6 11. Qxb6 axb6 12. Nxg6 hxg6 13. Kf2 Kd7 14. Bd3 Bd6 15. Bxd6 Kxd6 16. h4 Nd7 17. a3 e5 18. dxe5+ Ncxe5 19. Be2 Nc5 20. b4 Ncd3+ 21. Ke3 Nb2 22. f4 Nd7 23. Ra2 Na4 24. Rc2 Rhc8 25. Rhc1 Nf6 26. Nf3 Re8+ 27. Kd2 Ne4+ 28. Kd1 Rec8 29. c4 dxc4 30. Bxc4 Rxc4 31. Rxc4 Nb2+ 32. Ke1 Nd3+ 33. Kd1 Nb2+ 34. Ke1 Nd3+ 35. Kd1 Nb2+ 1/2-1/2

[Event "AUT-ch Open 2020"]
[Site "Graz"]
[Date "2020.02.16"]
[Round "3.25"]
[White "Menezes, Christoph"]
[Black "Kravanja, Georg"]
[Result "1-0"]
[ECO "A14"]
[WhiteElo "2262"]
[BlackElo "2262"]
[Annotator "ChessBase"]
[PlyCount "93"]
[EventDate "2020.02.14"]
[EventType "swiss"]
[EventCountry "AUT"]
[SourceTitle "playchess.com"]
[Source "ChessBase"]
[SourceQuality "1"]
[TimeControl "40/5400+30:1800+30"]

1. c4 Nf6 2. Nf3 e6 3. g3 d5 4. Bg2 Be7 5. O-O O-O 6. Ne5 c5 7. cxd5 exd5 8. e3 Nc6 9. d4 cxd4 10. Nxc6 bxc6 11. exd4 Bd6 12. Nc3 h6 13. Qc2 Qb6 14. Rd1 Bg4 15. f3 Be6 16. Be3 Rfe8 17. Bf2 Rab8 18. Na4 Qb7 19. Rac1 Bd7 20. Bf1 Nh7 21. h4 Qc7 22. Bd3 Nf6 23. g4 Bg3 24. Re1 Qf4 25. Kg2 Bxf2 26. Qxf2 Rb4 27. Nc5 Rxe1 28. Rxe1 Rxd4 29. Qe3 Qxe3 30. Rxe3 Rb4 31. g5 d4 32. Re7 hxg5 33. hxg5 Rxb2+ 34. Kh1 Bh3 35. gxf6 gxf6 36. Rxa7 Bg2+ 37. Kg1 Bxf3 38. a4 Bd5 39. a5 Rg2+ 40. Kf1 Ra2 41. a6 Ra5 42. Rb7 Rxc5 43. a7 Rc1+ 44. Kf2 Ra1 45. Rb8+ Kg7 46. a8=Q Rxa8 47. Rxa8 1-0